Map: Eternal Empire LE

Players

Namshar - Winner!

  • Race: Zerg Zerg
  • League: Grandmaster
  • Spawn Location: 1:00

Neeb

  • Race: Protoss Protoss
  • League: Master
  • Spawn Location: 7:00

Event: DreamHack SC2 Masters 2020 Fall

VOD

Have the link to the VOD?

Description

Time

  • Played on: Sept. 1, 2020, 4:38 p.m.
  • Length: 10:17

All games in this series

Show
View Real Time Build Order
Export as new Build Order

Namshar Zerg - Winner!

Build Orders: Pool First 

Get SALT Encoding   

  12  0:00  Drone  
  13  0:12  Overlord  
  13  0:16  Drone  
  14  0:30  Drone x2  
  16  0:41  Spawning Pool  
  15  0:45  Drone  
  15  0:49  Drone  
  17  1:11  Hatchery  
  16  1:15  Drone  
  17  1:28  Zergling x2  
  17  1:29  Zergling x4  
  20  1:49  Hatchery  
  19  1:54  Drone  
  19  1:56  Overlord  
  20  2:04  Queen  
  22  2:09  Extractor  
  22  2:14  Drone  
  22  2:15  Drone  
  23  2:26  Drone  
  24  2:35  Queen  
  26  2:39  Zergling x4  
  28  2:45  Zergling x2  
  29  2:51  Overlord  
  29  2:53  Queen  
  30  3:14  Drone x7  
  36  3:20  Metabolic Boost  
  35  3:40  Drone x5  
  36  3:48  Overlord  
  35  3:56  Hatchery  
  35  4:00  Overlord  
  34  4:05  Queen, Spore Crawler  
  35  4:11  Zergling x6  
  38  4:18  Zergling x6  
  38  4:23  Overlord  
  38  4:24  Overlord  
  41  4:30  Overlord  
  41  4:32  Drone x2  
  43  4:44  Queen  
  45  4:53  Zergling x4  
  45  4:54  Zergling x8  
  45  4:55  Lair  
  45  4:57  Drone  
  52  5:02  Drone x2  
  51  5:15  Drone x5  
  56  5:23  Hatchery  
  56  5:25  Extractor  
  56  5:26  Extractor, Overlord  
  56  5:28  Drone  
  54  5:44  Queen  
  54  5:47  Spore Crawler  
  55  5:54  Drone x2  
  56  5:59  Drone x2  
  56  6:03  Queen  
  56  6:08  Extractor, Hydralisk Den  
  56  6:09  Drone x9  
  62  6:20  Queen  
  63  6:30  Drone x4  
  67  6:39  Muscular Augments  
  67  6:45  Hatchery  
  67  6:46  Overlord x3  
  66  6:51  Evolution Chamber  
  65  7:00  Hatchery  
  65  7:01  Hydralisk  
  68  7:10  Hydralisk x5  
  78  7:17  Hydralisk  
  78  7:19  Hatchery  
  79  7:23  Overlord x2  
  79  7:27  Zerg Missile Weapons Level 1  
  79  7:35  Drone x2  
  79  7:44  Hydralisk  
  79  7:45  Hydralisk x2  
  79  7:51  Grooved Spines  
  85  7:52  Hydralisk  
  86  8:01  Overlord  
  86  8:02  Overlord  
  86  8:05  Hydralisk x3  
  92  8:16  Hydralisk x2  
  96  8:20  Drone x3  
  96  8:26  Drone  
  96  8:27  Drone x2  
  102  8:35  Drone x4, Hatchery  
  102  8:36  Drone  
  106  8:44  Drone x3  
  109  8:53  Drone  
  109  8:54  Overlord  
  110  8:58  Hydralisk x6  
  110  9:00  Extractor  
  121  9:06  Hydralisk x2  
  125  9:11  Overlord x2  
  125  9:13  Hydralisk  
  125  9:14  Hydralisk  
  129  9:19  Hydralisk x2  
  133  9:28  Extractor  
  133  9:30  Hydralisk x4  
  140  9:34  Zergling x4  
  142  9:41  Zergling x10  
  149  9:53  Drone  
  149  9:55  Infestation Pit  
Show
View Real Time Build Order
Export as new Build Order

Neeb Protoss 

Build Orders: Proxy Void Ray 

Get SALT Encoding   

  12  0:00  Probe  
  13  0:12  Probe  
  14  0:19  Pylon  
  14  0:24  Probe  
  15  0:37  Probe (Chrono Boost)  
  15  0:40  Gateway  
  16  0:46  Probe (Chrono Boost)  
  16  0:49  Assimilator  
  17  0:53  Probe  
  18  1:05  Probe  
  19  1:17  Pylon, Probe  
  20  1:26  Unknown x2  
  20  1:27  Unknown  
  20  1:31  Probe  
  21  1:34  Zealot (Chrono Boost)  
  21  1:36  Cybernetics Core  
  23  1:43  Probe  
  24  1:48  Assimilator  
  24  1:52  Zealot (Chrono Boost)  
  24  1:55  Probe  
  27  2:07  Probe  
  28  2:15  Stargate  
  28  2:16  Shield Battery  
  28  2:20  Adept (Chrono Boost)  
  31  2:24  Shield Battery  
  30  2:32  Probe  
  31  2:38  Pylon  
  31  2:42  Shield Battery  
  31  2:54  Void Ray  
  31  2:56  Stalker  
  33  3:02  Probe  
  38  3:17  Probe  
  39  3:21  Pylon  
  37  3:30  Probe  
  37  3:31  Void Ray (Chrono Boost)  
  40  3:45  Probe  
  41  3:57  Probe  
  41  4:00  Void Ray (Chrono Boost)  
  42  4:04  Warp Gate  
  46  4:12  Nexus  
  46  4:13  Pylon  
  47  4:17  Probe  
  48  4:31  Probe  
  48  4:32  Void Ray (Chrono Boost)  
  52  4:43  Probe  
  51  4:46  Pylon  
  51  4:55  Probe  
  51  4:56  Nexus  
  52  5:07  Probe  
  53  5:15  Void Ray (Chrono Boost)  
  53  5:19  Probe  
  54  5:23  Shield Battery  
  54  5:25  Probe  
  59  5:31  Probe  
  60  5:37  Gateway  
  60  5:41  Sentry  
  52  5:47  Probe  
  54  5:53  Gateway  
  54  6:04  Probe (Chrono Boost)  
  54  6:07  Pylon x2  
  54  6:08  Probe (Chrono Boost)  
  55  6:15  Sentry  
  55  6:16  Probe (Chrono Boost)  
  55  6:18  Probe (Chrono Boost)  
  59  6:20  Robotics Facility  
  59  6:21  Probe (Chrono Boost)  
  59  6:24  Probe (Chrono Boost)  
  60  6:29  Pylon  
  62  6:34  Probe (Chrono Boost)  
  62  6:36  Probe (Chrono Boost)  
  63  6:40  Sentry  
  63  6:42  Stalker  
  63  6:44  Probe (Chrono Boost)  
  63  6:45  Probe (Chrono Boost)  
  69  6:47  Assimilator  
  69  6:51  Probe  
  70  6:54  Probe  
  71  7:03  Probe  
  71  7:05  Forge, Assimilator  
  71  7:06  Probe  
  73  7:08  Pylon  
  73  7:12  Stalker  
  73  7:13  Stalker  
  76  7:16  Stalker  
  74  7:23  Immortal  
  78  7:38  Probe x2  
  80  7:46  Protoss Ground Weapons Level 1 (Chrono Boost)  
  80  7:47  Twilight Council  
  80  7:53  Nexus  
  80  7:56  Probe  
  80  7:57  Probe  
  82  8:08  Probe  
  82  8:09  Immortal (Chrono Boost), Pylon  
  83  8:16  Probe  
  80  8:21  Robotics Bay  
  80  8:29  Shield Battery, Sentry  
  80  8:30  Shield Battery  
  80  8:33  Probe  
  83  8:35  Probe  
  83  8:38  Sentry, Observer (Chrono Boost)  
  87  8:43  Stalker  
  87  8:45  Probe  
  87  8:47  Probe  
  91  8:58  Probe  
  91  8:59  Probe  
  93  9:05  Probe, Colossus (Chrono Boost)  
  100  9:10  Probe  
  101  9:17  Assimilator  
  101  9:19  Robotics Facility  
  101  9:21  Assimilator  
  101  9:22  Pylon  
  101  9:23  Probe  
  102  9:24  Probe  
  102  9:26  Probe  
  104  9:43  Photon Cannon  
  108  10:04  Stalker x2  
  108  10:05  Stalker  

Tags
 
Add a new tag
Caveats
  • Supply blocks, unpowered buildings, or Contaminate may cause inaccurate times.
  • Supply counts are checked every 10 seconds.